 Dungeon Crawl Stone Soup version 0.13-a0-1660-ga2b9f94 (webtiles) character file.

119 M4edhros the Sneak (level 3, 0/21 HPs)
             Began as an Octopode Artificer on June 18, 2013.
             Succumbed to an adder's poison
             ... on Level 2 of the Dungeon.
             The game lasted 00:03:02 (1437 turns).

M4edhros the Sneak (Octopode Artificer)             Turns: 1437, Time: 00:03:02

HP   0/21        AC  5     Str  9      XL: 3   Next: 83%
MP   4/4         EV 13     Int 15      God:
Gold 68          SH  0     Dex 13      Spells:  0 memorised,  2 levels left

Res.Fire  : . . .   See Invis. : .   a - +1,+0 short sword
Res.Cold  : . . .   Warding    : .   (no shield)
Life Prot.: . . .   Conserve   : .   (helmet restricted)
Res.Poison: .       Res.Corr.  : .   (no amulet)
Res.Elec. : .       Clarity    : .   (no ring)
Sust.Abil.: . .     Spirit.Shd : .   (no ring)
Res.Mut.  : .       Stasis     : .   (no ring)
Res.Rott. : .       Flight     : .   (no ring)
Saprovore : . . .                    (no ring)
                                     (no ring)
                                     (no ring)
                                     (no ring)

@: mildly poisoned, slowed, very slow, not resistant to hostile enchantments,
quite stealthy
A: almost no armour, amphibious, 8 rings, constrict 8, spike 1, camouflage 1,
blink 1, fast metabolism 1, -10% hp, AC +5, Str -1, Dex +1
a: Blink


You were on level 2 of the Dungeon.
You were not hungry.

You visited 1 branch of the dungeon, and saw 2 of its levels.

You collected 48 gold pieces.

Inventory:

Hand weapons
 a - a +1,+0 short sword (weapon)
Magical devices
 b - a wand of flame (9)
 c - a wand of enslavement (10)
 d - a wand of random effects (15)
 l - a wand of magic darts (8)
Comestibles
 f - a bread ration
 i - a meat ration
 j - 2 chokos
Scrolls
 e - a scroll of amnesia {unknown}
 g - a scroll of identify {unknown}
 h - a scroll of curse jewellery {unknown}


   Skills:
 - Level 1.0 Fighting
 - Level 1.0 Short Blades
 + Level 3.2 Dodging
 + Level 3.6 Stealth
 - Level 2.1 Traps
 - Level 3.2 Evocations


You had 2 spell levels left.
You didn't know any spells.

Dungeon Overview and Level Annotations

Branches:
Dungeon (2/27)

Altars:

Annotations
D:2 Terence


Innate Abilities, Weirdness & Mutations

You cannot wear most types of armour.
You are amphibious.
You can wear up to eight rings at the same time.
You can use your tentacles to constrict many enemies at once.
Your skin changes colour to match your surroundings (Stlth).
Your rubbery body absorbs attacks (AC +1).
One of your tentacles bears a spike.
You are partially covered in iridescent scales (AC +4).
You can translocate small distances at will.
You have a fast metabolism.
Your muscles are flexible, but weak (Str -1, Dex +1).
You are frail (-10% HP).


Message History

You feel yourself slow down.
It was a potion of slowing.
Drink which item? (? for menu, Esc to quit)
You feel extremely strange.
One of your lower tentacles grows a sharp spike.
You feel frail.
You feel jittery.
It was a potion of mutation.
You start resting.
* * * LOW HITPOINT WARNING * * *
You feel sick.
Drink which item? (? for menu, Esc to quit)
You feel extremely strange.
Iridescent scales grow over part of your body.
You feel a little hungry.
Your muscles feel loose.
* * * LOW HITPOINT WARNING * * *
You feel sick.
You start resting.
* * * LOW HITPOINT WARNING * * *
You feel sick.
You start resting.
You die...

#............######......
#.........>..'...........
##...........#####..%....
#...........# #......#
#...........# #......#
#...........#####.....<#
#...........>..........#
#..............(.......#
#......@...............#
########.......(..######
##'##......#
#.##......######
#.##...).......#
#.##...........#
#.##...........#
#.##...........#
#.####.........#


There were no monsters in sight!

Vanquished Creatures
  Jessica (D:2)
  An adder (D:2)
  A giant gecko (D:1)
  An ooze (D:1)
  2 bats
  2 giant cockroaches (D:1)
  5 goblins
  2 hobgoblins
  2 jackals (D:1)
  3 kobolds
  3 rats
23 creatures vanquished.

Vanquished Creatures (collateral kills)
  A rat (D:1)
1 creature vanquished.

Grand Total: 24 creatures vanquished

Notes
Turn   | Place    | Note
--------------------------------------------------------------
     0 | D:1      | M4edhros, the Octopode Artificer, began the quest for the Orb.
     0 | D:1      | Reached XP level 1. HP: 14/14 MP: 1/1
   601 | D:1      | Reached XP level 2. HP: 17/19 MP: 3/3
  1129 | D:2      | Noticed Jessica
  1194 | D:2      | Killed Jessica
  1194 | D:2      | Reached XP level 3. HP: 13/24 MP: 4/4
  1378 | D:2      | Noticed Terence
  1428 | D:2      | Gained mutation: One of your tentacles bears a spike. [potion of mutation]
  1428 | D:2      | Gained mutation: You are frail (-10% HP). [potion of mutation]
  1428 | D:2      | Gained mutation: You can translocate small distances at will. [potion of mutation]
  1430 | D:2      | Gained mutation: You are partially covered in iridescent scales (AC +4). [potion of mutation]
  1430 | D:2      | Gained mutation: You have a fast metabolism. [potion of mutation]
  1430 | D:2      | Gained mutation: Your muscles are flexible, but weak (Str -1, Dex +1). [potion of mutation]
  1431 | D:2      | HP: 1/21 [poisoned by an adder]
  1437 | D:2      | Succumbed to an adder's poison

Action                   || total
-------------------------++-------
Melee: Short sword       ||    48
Evoke: Wand              ||    11
  Use: Scroll            ||     2
       Potion            ||     3
 Stab: Sleeping          ||     4
